 Dungeon Crawl Stone Soup version 0.29-a0-1027-gcd8c55af63 (webtiles) character file.

Game seed: 5072387556636517299

4 Zeldest the Caller (level 1, 0/16 HPs)
             Began as a Naga Summoner on Aug 14, 2022.
             Killed from afar by a dart slug (3 damage)
             ... with a slug dart
             ... on level 1 of the Dungeon.
             The game lasted 00:00:55 (126 turns).

Zeldest the Caller (Naga Summoner)                   Turns: 126, Time: 00:00:55

Health: 0/16       AC:  1    Str: 10    XL:     1   Next: 70%
Magic:  1/3        EV:  9    Int: 15    God:
Gold:   0          SH:  0    Dex: 11    Spells: 3/4 levels left

rFire   . . .      SeeInvis +   d - +2 short sword (flame)
rCold   . . .      Faith    .   (no shield)
rNeg    . . .      Spirit   .   a - +0 robe
rPois   +          Reflect  .   (no helmet)
rElec   .          Harm     .   (no cloak)
rCorr   .          Rampage  .   (no gloves)
Will    .....                   (no barding)
Stlth   ++........              (no amulet)
HPRegen 0.05/turn               (no ring)
MPRegen 0.08/turn               (no ring)

@: very slow
A: AC +0, large, see invisible, deformed body, poison resistance, slowness 2,
spit poison 1, naga tail 1
a: Spit Poison


You were on level 1 of the Dungeon.
You visited 1 branch of the dungeon, and saw 1 of its levels.

Inventory:

Hand Weapons
 d - a +2 short sword of flaming (weapon)
Armour
 a - a +0 robe (worn)
Scrolls
 c - a scroll of identify {unknown}
Potions
 b - a potion of magic
 e - a potion of invisibility {unknown}


   Skills:
 + Level 0.4 Fighting
 - Level 1.5 Dodging
 - Level 3.0 Stealth
 - Level 2.0 Spellcasting
 * Level 4.1 Summonings


You had 3 spell levels left.
You knew the following spells:

 Your Spells              Type           Power      Damage    Failure   Level
a - Summon Small Mammal   Summ           56%        N/A       4%          1

Your spell library contained the following spells:

 Spells                   Type           Power      Damage    Failure   Level
 Call Imp                 Summ           14%        N/A       6%          2
 Call Canine Familiar     Summ           14%        N/A       12%         3
 Summon Guardian Golem    Hex/Summ       7%         N/A       28%         3
 Summon Lightning Spire   Summ/Air       7%         N/A       67%         4


Dungeon Overview and Level Annotations

Branches:
Dungeon (1/15)

Altars:


Innate Abilities, Weirdness & Mutations

Your serpentine skin is tough. (AC +0)
You have supernaturally acute eyesight. (SInv)
Armour fits poorly on your strangely shaped body.
Your system is resistant to poisons. (rPois)
You cover ground very slowly.
You can spit poison.
You have a snake-like lower body.


Message History

Your bat dies!
Your bat's corpse disappears in a puff of smoke!
The slug dart misses your bat.
A slug dart appears from out of your range of vision.
The kobold hits you with a +0 dagger.
You closely miss the kobold. The kobold misses you.
You closely miss the kobold.
Your bat barely misses the kobold.
The kobold barely misses you.
You closely miss the kobold.
Your bat hits the kobold but does no damage.
The kobold hits you with a +0 dagger.
Your bat hits the kobold but does no damage.
You barely miss the kobold.
Your bat hits the kobold but does no damage.
Your bat closely misses the kobold.
The kobold barely misses you.
You closely miss the kobold. Your bat hits the kobold.
The kobold hits you with a +0 dagger.
A dart slug comes into view.
You barely miss the kobold.
The kobold is moderately wounded.
Your bat closely misses the kobold.
The kobold hits you with a +0 dagger.
* * * LOW HITPOINT WARNING * * *
The dart slug launches a dart at you. The slug dart hits your bat.
Aiming: Spit Poison (3% risk of failure)
Press: ? - help, Shift-Dir - straight line, f - kobold
Aim: a kobold, wielding a +0 dagger (moderately wounded, 43% to hit)
The splash of poison misses the kobold.
Your bat hits the dart slug. The kobold barely misses you.
You hit the kobold. You burn the kobold.
You kill the kobold!
Your bat hits the dart slug but does no damage. x2
Casting: Summon Small Mammal (safe; 4% risk of failure)
Confirm with . or Enter, or press ? or * to list all spells.
You have got your breath back.
Your bat hits the dart slug. The dart slug closely misses your bat.
Your bat hits the dart slug but does no damage.
The dart slug launches a dart at you. The slug dart hits you.
You die... ## #.# <# #.# ... ## #.# .. # ##.# ##.. #.##.. # #wb

##.# ...##.#.. # ##.##
......#.##.# ###.##
......r.>..# ##..##
....##@# ..###
.....##.#
##.######.>...##.#####
#..#..........##.....#
#.............######.#
#..##..########## #.#
#.^##..##.......# #.#
.......##.#####.# #.#
##..###.#.#####.# #.#


You could see a dart slug (ally target), a friendly bat (summoned) and a
friendly rat (summoned).

Vanquished Creatures
  A goblin (D:1)
  A kobold (D:1)
2 creatures vanquished.

Vanquished Creatures (collateral kills)
  An endoplasm (D:1)
  A kobold (D:1)
2 creatures vanquished.

Grand Total: 4 creatures vanquished

Notes
Turn   | Place    | Note
-------+----------+-------------------------------------------
     0 | D:1      | Zeldest the Naga Summoner began the quest for the Orb.
     0 | D:1      | Reached XP level 1. HP: 15/15 MP: 3/3
   126 | D:1      | Killed from afar by a dart slug

Illustrated notes

Levels and vault maps discovered:
D:1:      dpeg_arrival_solitude, layout_loops_cross

Action                   || total
-------------------------++-------
Melee: Short sword       ||     9
 Cast: Summon Small Mamm ||     6
 Abil: Spit Poison       ||     1
Dodge: Dodged            ||     7

Table legend: (Time is in decaauts)
 A = Elapsed time spent in this place.
 B = Non-inter-level travel time spent in this place.
 C = Inter-level travel time spent in this place.
 D = Time resting spent in this place.
 E = Time spent auto-exploring this place.
 F = Levels seen in this place.
 G = Mean time per level.
                   A        B        C        D        E       F      G
               +--------+--------+--------+--------+--------+-----+--------+
         Total |    169 |    169 |      0 |      0 |      0 |   1 |  169.0 |
       Dungeon |    169 |    169 |      0 |      0 |      0 |   1 |  169.0 |
               +--------+--------+--------+--------+--------+-----+--------+

Top non-repeatable levels by time:
     D:1: 169 daAuts
